 Dungeon Crawl Stone Soup version 0.29-a0-925-g0a7a3d12f8 (webtiles) character file.

Game seed: 4211652505290612513

53 stansietse the Conjurer (level 3, 0/21 HPs)
             Began as an Octopode Conjurer on July 29, 2022.
             Slain by Sigmund
             ... wielding a +0 scythe
              (2 damage)
             ... on level 2 of the Dungeon.
             The game lasted 00:03:29 (2051 turns).

stansietse the Conjurer (Octopode Conjurer)         Turns: 2051, Time: 00:03:29

Health: 0/21       AC:  1    Str:  6    XL:     3   Next: 89%
Magic:  1/6        EV: 13    Int: 22    God:
Gold:   84         SH:  0    Dex: 10    Spells: 5/6 levels left

rFire   . . .      SeeInvis .   (no weapon)
rCold   . . .      Faith    .   (no shield)
rNeg    . . .      Spirit   .   (helmet restricted)
rPois   .          Reflect  .   (no amulet)
rElec   .          Harm     .   (no ring)
rCorr   .          Rampage  .   (no ring)
Will    .....                   (no ring)
Stlth   +++.......              (no ring)
HPRegen 0.07/turn               (no ring)
MPRegen 0.10/turn               (no ring)
                                (no ring)
                                (no ring)

@: no status effects
A: almost no armour, amphibious, 8 rings, camouflage 1, gelatinous body 1,
(nimble swimmer 1), tentacles
a: no special abilities


You were on level 2 of the Dungeon.
You visited 1 branch of the dungeon, and saw 2 of its levels.

You collected 84 gold pieces.

Inventory:

Scrolls
 b - 3 scrolls of identify {unknown}
 d - 3 scrolls of vulnerability {unknown}
 h - a scroll of enchant armour {unknown}
Potions
 a - 2 potions of magic
 c - a potion of curing {unknown}
 e - a potion of invisibility {unknown}
 f - 2 potions of degeneration {unknown}
 g - a potion of brilliance {unknown}


   Skills:
 + Level 2.3 Dodging
 + Level 3.1 Stealth
 + Level 0.1 Unarmed Combat
 + Level 2.2 Spellcasting
 + Level 4.9 Conjurations


You had 5 spell levels left.
You knew the following spells:

 Your Spells              Type           Power      Damage    Failure   Level
a - Magic Dart            Conj           96%        1d7       1%          1

Your spell library contained the following spells:

 Spells                   Type           Power      Damage    Failure   Level
 Searing Ray              Conj           48%        2d6       2%          2
 Dazzling Flash           Conj/Hex       26%        N/A       14%         3
 Fulminant Prism          Conj/Hex       6%         3d7       43%         4
 Iskenderun's Mystic Bla  Conj/Tloc      13%        2d5       43%         4


Dungeon Overview and Level Annotations

Branches:
Dungeon (2/15)

Altars:

Shops:
D:2 *

Annotations:
D:2 Sigmund


Innate Abilities, Weirdness & Mutations

You cannot wear most types of armour.
You are amphibious.
You can wear up to eight rings at the same time.
Your skin changes colour to match your surroundings (Stealth+).
Your rubbery body absorbs attacks. (AC +1, EV +1)
((You are camouflaged when in or above water. (Stealth+)))
You have tentacles for arms and can constrict up to eight enemies at once.


Message History

Found a robe.
a - 2 potions of magic (gained 1)
There is a stone staircase leading up here.
There is a stone staircase leading up here.
Sigmund the Dreaded comes into view.
He is wielding a +0 scythe.
The magic dart hits Sigmund.
Sigmund is lightly wounded.
Sigmund shouts!
The magic dart hits Sigmund.
Sigmund is moderately wounded.
You hear an angry hiss.
An adder comes into view.
The adder moves out of view.
The magic dart hits Sigmund.
Sigmund is moderately wounded.
The magic dart hits Sigmund.
Sigmund is heavily wounded.
Sigmund gestures at you while chanting. The magic dart hits you.
The magic dart hits Sigmund but does no damage.
Sigmund is heavily wounded.
The magic dart hits Sigmund!
Sigmund is severely wounded.
You are out of magic!
You are out of magic!
Sigmund mumbles some strange words.
Sigmund flickers and vanishes!
Deactivating autopickup; reactivate with Ctrl-A.
Something hits you but does no damage. The adder bites you.
You closely miss something. The adder completely misses you.
Something hits you.
You closely miss something. The adder bites you. The adder barely misses you.
A quokka comes into view.
You hear some strange, mumbled words.
A magic dart appears from out of thin air!
The magic dart hits you!
* * * LOW HITPOINT WARNING * * *
You miss something. The adder barely misses you. Something hits you.
You die...

#....# .. ###....#
r# ##...#..# .#
##....#..# .#
#....###.# .#
###..### #.#
#########.####....#
#..
#......#{S#....##.#
##.#
#..[...#@##.#####.#
#... ##......#.#..#
##.# #...
........#...##
#..####...
##.........##
#.###.....
#......†.##
#.##..##..
#........##
#.##.)....
########.<###
#.#..###..
##...####....##...
###........###...


You could see an adder and a quokka.

Vanquished Creatures
  An adder (D:2)
  A worm (D:2)
  5 ball pythons
  6 bats
  2 endoplasms
  3 giant cockroaches (D:1)
  6 hobgoblins
  3 jackals (D:1)
  A frilled lizard (D:1)
  3 kobolds
  7 rats
38 creatures vanquished.

Notes
Turn   | Place    | Note
-------+----------+-------------------------------------------
     0 | D:1      | stansietse the Octopode Conjurer began the quest for the
                  | Orb.
     0 | D:1      | Reached XP level 1. HP: 11/11 MP: 3/3
   262 | D:1      | Reached XP level 2. HP: 4/17 MP: 0/5
  1053 | D:1      | Reached XP level 3. HP: 21/21 MP: 3/6
  1576 | D:2      | Found Xerchuefe's General Store.
  2038 | D:2      | Noticed Sigmund
  2051 | D:2      | Slain by Sigmund

Illustrated notes

Levels and vault maps discovered:
D:1:      amcnicky_arrival_feature_with_door, layout_loops_corners, minivault_4,
          corexii_leaking_fountain
D:2:      layout_rooms, serial_shops, nicolae_shop_advertising_works
          [nicolae_subvault_shop_adworks], basic_altar, uniq_sigmund

Skill      XL: |  1  2 |
---------------+-------+-----
Stealth        | 3 |  3.1
Dodging        | |  2.3
Unarmed Combat | |  0.1
Spellcasting   | |  2.2
Conjurations   | |  4.9

Action                   || total
-------------------------++-------
Melee: Unarmed           ||    25
       Tentacles         ||     7
       Constrict         ||     8
 Cast: Magic Dart        ||    69
Armor: Skin              ||     3
Dodge: Dodged            ||    20

Table legend: (Time is in decaauts)
 A = Elapsed time spent in this place.
 B = Non-inter-level travel time spent in this place.
 C = Inter-level travel time spent in this place.
 D = Time resting spent in this place.
 E = Time spent auto-exploring this place.
 F = Levels seen in this place.
 G = Mean time per level.
                   A        B        C        D        E       F      G
               +--------+--------+--------+--------+--------+-----+--------+
         Total |   2050 |   2032 |     18 |      0 |   1827 |   2 | 1025.0 |
       Dungeon |   2050 |   2032 |     18 |      0 |   1827 |   2 | 1025.0 |
               +--------+--------+--------+--------+--------+-----+--------+

Top non-repeatable levels by time:
     D:1: 1534 daAuts
     D:2: 516 daAuts
